 Dungeon Crawl Stone Soup version 0.30.1-9-gdf580d7c3d (webtiles) character file.

Game seed: 12981009193454413993

23851 Chiseanne the Fighter (level 12, -17/102 HPs)
             Began as a Demonspawn Wanderer on Oct 9, 2023.
             Was an Initiate of Gozag.
             Killed from afar by Azrael (27 damage)
             ... with damnation
             ... on level 12 of the Dungeon.
             The game lasted 00:37:09 (12821 turns).

Chiseanne the Fighter (Demonspawn Wanderer)        Turns: 12821, Time: 00:37:10

Health: -17/102    AC: 26    Str: 13    XL:     12   Next: 75%
Magic:  12/12      EV: 12    Int: 12    God:    Gozag
Gold:   480        SH: 24    Dex: 19    Spells: 11/11 levels left

rFire   + + .        a - +4 scimitar (flame)
rCold   + . .        F - +2 tower shield {rF+}
rNeg    + . .        q - +3 gold dragon scales
rPois   +            A - +2 helmet
rElec   .            J - +1 cloak of Starlight {*Dazzle EV+4 Stlth--}
rCorr   .            (no gloves)
SInv    .            (boots unavailable)
Will    .....        D - amulet of reflection Stlth
                     h - +5 ring of evasion
HPRegen 2.37/turn    u - ring of positive energy
MPRegen 0.13/turn

%: reflection
@: gold aura
A: hooves 3, repulsion field 2, demonic guardian 1, powered by death 2
a: Renounce Religion, Potion Petition, Call Merchant, Bribe Branch


You were on level 12 of the Dungeon.
You worshipped Gozag.
Gozag was aware of your devotion.
You visited 1 branch of the dungeon, and saw 12 of its levels.
You also visited: Sewer.

You collected 2895 gold pieces.
You spent 771 gold pieces at shops.
You paid 1644 gold pieces to Gozag.

Inventory:

Hand Weapons
 a - a +4 scimitar of flaming (weapon)
 f - a +3 rapier of holy wrath
 s - a +2 mace of protection
 I - a +6 falchion of flaming
 K - the +8 spear of Annihilation {speed, Fly Will+}
   (You found it on level 11 of the Dungeon)

   Fly:       It grants you flight.
   Will:      It increases your willpower.
Missiles
 e - 8 boomerangs
 l - 42 poisoned darts (quivered)
 z - 2 throwing nets
 G - 4 curare-tipped darts
Armour
 g - an orb of energy
 q - +3 gold dragon scales (worn)
 t - an orb of wrath
 A - a +2 helmet (worn)
 F - a +2 tower shield of fire resistance (worn)
 J - the +1 cloak of Starlight (worn) {*Dazzle EV+4 Stlth--}
   (You bought it in a shop on level 11 of the Dungeon)

   *Dazzle:   It may blind those who miss an attack against the wearer in melee
   combat.
   EV:        It affects your evasion (+4).
   Stlth:     It makes you much less stealthy.
Jewellery
 h - a +5 ring of evasion (left hand)
 i - an amulet of magic regeneration
 j - an amulet of guardian spirit
 o - a +5 ring of evasion
 u - a ring of positive energy (right hand)
 D - an amulet of reflection (around neck)
Wands
 r - a wand of flame (16)
 w - a wand of charming (3)
 E - a wand of digging (17)
Scrolls
 d - 6 scrolls of amnesia
 n - 6 scrolls of fog
 p - 2 scrolls of silence
 x - 2 scrolls of magic mapping
 y - 4 scrolls of fear
 C - a scroll of identify
 M - a scroll of brand weapon {unknown}
 N - a scroll of teleportation
Potions
 b - 7 potions of mutation
 c - 3 potions of brilliance
 k - 4 potions of flight
 m - 6 potions of curing
 v - 4 potions of lignification
 L - a potion of magic
Miscellaneous
 H - a phantom mirror


   Skills:
 * Level 12.2 Fighting
 - Level 2.6 Polearms
 - Level 1.0 Throwing
 * Level 10.9 Armour
 * Level 9.9 Dodging
 - Level 1.0 Stealth
 * Level 9.8 Shields
 - Level 1.0 Unarmed Combat
 - Level 1.0 Evocations


You had 11 spell levels left.
You didn't know any spells.
Your spell library contained the following spells:

 Spells                   Type           Power      Damage    Failure   Level
 Apportation              Tloc           0%         N/A       100%        1
 Necrotise                Necr           0%         1d4       100%        1
 Summon Small Mammal      Summ           0%         N/A       100%        1
 Blink                    Tloc           0%         N/A       100%        2
 Lesser Beckoning         Tloc           0%         N/A       100%        2
 Momentum Strike          Conj/Tloc      0%         3d8       100%        2
 Call Canine Familiar     Summ           0%         N/A       100%        3
 Dazzling Flash           Conj/Hex       0%         N/A       100%        3
 Portal Projectile        Hex/Tloc       0%         N/A       100%        3
 Leda's Liquefaction      Hex/Erth       0%         N/A       100%        4
 Summon Ice Beast         Ice/Summ       0%         N/A       100%        4
 Agony                    Necr           0%         N/A       100%        5
 Silence                  Hex/Air        0%         N/A       100%        5
 Summon Mana Viper        Hex/Summ       0%         N/A       100%        5
 Monstrous Menagerie      Summ           0%         N/A       100%        7


Dungeon Overview and Level Annotations

Branches:
Dungeon (12/15)            Temple (0/1) D:5            Lair (0/5) D:9
    Orc (0/2) D:9           Sewer (visited)

Altars:
Ashenzari
Cheibriados
Fedhas
Gozag
Hepliaklqana
Makhleb
Okawaru
Ru
Sif Muna

Shops:
D:8 [   D:11 [

Annotations:
D:12 Azrael, Rupert


Innate Abilities, Weirdness & Mutations

You have hooves in place of feet.
You are surrounded by a moderate repulsion field. (EV +3)
A weak demonic guardian rushes to your aid.
You regenerate health from kills.


Message History

r - Retreat! s - Stop attacking. g - Guard the area. f - Follow me.
Anything else - Cancel.
Gang up on whom?
Press: ? - help, Dir - move target, f - Rupert
Aim: Rupert, wielding a +3 great sword of freezing and wearing a +0 ring mail (lightly wounded, berserk) Attack!
The hell hound breathes flames at you. The blast of flame hits your cyclops!
The blast of flame hits your manticore.
The blast of flame hits you but does no damage.
Rupert hits your orc wizard with a +3 great sword of freezing!
Rupert freezes your orc wizard!
Your orc wizard dies!
Your orc wizard's corpse dissolves into shadows!
The fire elemental misses your ice devil.
Your red ugly thing bites Rupert.
Rupert is engulfed in flames!
Your orc priest looks braver for a moment.
Your ice devil closely misses the fire elemental.
The hell hound breathes flames at you.
The blast of flame hits your orc priest!
Your orc priest dies!
Your orc priest's corpse dissolves into shadows!
The hell hound bites your cyclops.
Rupert completely misses your red ugly thing.
The fire elemental hits your cyclops. The fire elemental burns your cyclops!
The hell hound bites your cyclops!
Your cyclops hits the fire elemental!!
The fire elemental is destroyed!
Your red ugly thing bites Rupert!
Rupert is engulfed in flames!!
Your orc wizard hits Rupert but does no damage.
Azrael gestures at you.
The sphere of damnation explodes!
The damnation engulfs you!!
* * * LOW HITPOINT WARNING * * *
You hear a shout!
Okay, then.
The hell hound bites your cyclops.
Your red ugly thing bites Rupert!
Rupert is engulfed in flames!!
Azrael gestures at you.
The sphere of damnation explodes!
The damnation engulfs you!!
You die...
Your body crumbles into a pile of gold.

########............
#......#...........
#......#...........
#......#.°.h.....#
'......#...R.....#
#......'...ou....#
#......#..4H.@...#
#......#..hC.....#
#......#.#######@#
#......#.# #........
########.# #........
.........# #.######.
####.....# #.#
...#....## #.#
...#....# #.#
...##...# #.#
....#...#####


You could see Rupert (berserk, ally target), Azrael (burning), 2 hell hounds, a
friendly red ugly thing (summoned), a friendly manticore (summoned), a friendly
cyclops (summoned), a friendly ice devil (summoned) and a friendly orc wizard
(summoned, invisible).

Vanquished Creatures
  A catoblepas (D:10)
  Erica (D:8)
  5 two-headed ogres
  A sun demon (D:8)
  3 skeletal warriors (D:11)
  A cyclops (D:11)
  A smoke demon (D:9)
  A rust devil (D:9)
  A kobold demonologist (D:12)
  Psyche (D:8)
  An unseen horror (D:12)
  A gargoyle (D:9)
  An efreet (D:10)
  2 red devils (D:9)
  An ice devil (D:9)
  A queen bee (shapeshifter) (D:10)
  Grinder (Sewer)
  3 trolls
  5 slime creatures (D:12)
  2 vampires
  A ynoxinul (D:9)
  A wraith (D:10)
  10 yaks
  A fire elemental (D:12)
  A wyvern (D:10)
  A basilisk (D:12)
  Eustachio (D:5)
  A steam dragon (D:6)
  A chaos spawn (D:9)
  2 wargs (D:9)
  A vampire mosquito (D:12)
  Duvessa (D:5)
  2 water moccasins
  3 acid dragons
  4 orc warriors
  3 ice beasts
  An ogre (D:9)
  A centaur (D:6)
  2 phantoms (D:6)
  7 kobold brigands
  2 bullfrogs (D:7)
  10 gnoll sergeants
  5 scorpions
  3 wights (D:7)
  Dowan (D:5)
  4 killer bees (D:9)
  3 hounds
  3 quasits
  5 orc priests
  A jelly (D:5)
  Ijyb (D:5)
  3 iguanas
  A sleepcap (D:7)
  7 orc wizards
  A mummy (D:4)
  6 adders
  23 gnolls
  A shadow imp (D:5)
  5 ufetubi
  3 worms
  3 dart slugs
  45 orcs
  10 ball pythons
  11 endoplasms
  4 giant cockroaches
  5 goblins
  7 hobgoblins
  32 kobolds
  2 quokkas
  8 bats
  2 hobgoblin zombies (D:4)
  3 kobold zombies
  7 rats
306 creatures vanquished.

Vanquished Creatures (collateral kills)
  Snorg (D:11)
  A manticore (D:11)
  A fire elemental (D:12)
  A yak (D:9)
  A boggart (D:12)
  An orc priest (D:9)
  2 gnoll boudas (D:7)
  6 gnolls
  2 adders
  2 worms
  An orc (D:2)
  3 endoplasms
  4 kobolds
26 creatures vanquished.

Vanquished Creatures (others)
  A kobold demonologist (D:12)
  A warg (D:9)
  A kobold brigand (D:12)
  2 gnoll sergeants
  A gnoll (D:9)
  A kobold zombie (Sewer)
7 creatures vanquished.

Grand Total: 339 creatures vanquished

Notes
Turn   | Place    | Note
-------+----------+-------------------------------------------
     0 | D:1      | Chiseanne the Demonspawn Wanderer began the quest for the
                  | Orb.
     0 | D:1      | Chiseanne set off with the following items: a +0 trident, a
                  | potion of mutation, a piece from Xom's chessboard (15/15),
                  | a potion of lignification, a +0 robe.
     0 | D:1      | Reached XP level 1. HP: 16/16 MP: 1/1
   295 | D:1      | Reached skill level 1 in Dodging
   295 | D:1      | Gained mutation: A weak demonic guardian rushes to your
                  | aid. [demonic ancestry]
   295 | D:1      | Reached XP level 2. HP: 23/23 MP: 2/2
   791 | D:2      | Gained mutation: You regenerate a little health from kills.
                  | [demonic ancestry]
   791 | D:2      | Reached XP level 3. HP: 15/28 MP: 3/3
   986 | D:2      | Reached skill level 1 in Shields
  1147 | D:2      | Reached skill level 3 in Fighting
  1401 | D:2      | Gained mutation: You have large cloven feet. [demonic
                  | ancestry]
  1401 | D:2      | Reached XP level 4. HP: 4/35 MP: 4/4
  2715 | D:3      | Found an opulent altar of Gozag.
  2723 | D:3      | Became a worshipper of Gozag Ym Sagoz the Greedy
  2725 | D:3      | Found a broken altar of Ashenzari.
  3113 | D:2      | Gained mutation: You have hoof-like feet. [demonic
                  | ancestry]
  3113 | D:2      | Reached XP level 5. HP: 41/41 MP: 5/5
  3605 | D:4      | Gained mutation: You regenerate health from kills. [demonic
                  | ancestry]
  3605 | D:4      | Reached XP level 6. HP: 23/48 MP: 6/6
  3700 | D:4      | Found a blossoming altar of Fedhas.
  3823 | D:4      | Reached skill level 4 in Fighting
  4376 | D:5      | Entered Level 5 of the Dungeon
  4413 | D:5      | Found a shimmering blue altar of Sif Muna.
  4443 | D:5      | Noticed an ice beast
  4464 | D:5      | Killed an ice beast
  4465 | D:5      | Reached XP level 7. HP: 55/55 MP: 7/7
  4473 | D:5      | Noticed Dowan
  4518 | D:5      | Noticed Duvessa
  4537 | D:5      | Killed Duvessa
  4545 | D:5      | Killed Dowan
  4825 | D:5      | Found a staircase to the Ecumenical Temple.
  5086 | D:5      | Noticed Ijyb
  5149 | D:5      | Killed Ijyb
  5270 | D:5      | Noticed Eustachio
  5278 | D:5      | Killed Eustachio
  5279 | D:5      | Reached skill level 5 in Fighting
  5452 | D:5      | Reached skill level 9 in Fighting
  5452 | D:5      | Reached XP level 8. HP: 72/72 MP: 8/8
  5515 | D:6      | Reached XP level 9. HP: 78/78 MP: 9/9
  5556 | D:6      | Found a sacrificial altar of Ru.
  5558 | D:6      | Reached skill level 10 in Fighting
  5660 | D:6      | Found a glowing drain.
  5670 | Sewer    | Entered a sewer
  5800 | Sewer    | Noticed Grinder
  5810 | Sewer    | Found a burning altar of Makhleb.
  5822 | Sewer    | Paralysed by Grinder for 4 turns
  5829 | Sewer    | Killed Grinder
  5926 | D:6      | Gained mutation: You have hooves in place of feet. [demonic
                  | ancestry]
  5926 | D:6      | Reached XP level 10. HP: 85/85 MP: 10/10
  7004 | D:7      | Noticed a torpor snail
  7004 | D:7      | Noticed a torpor snail
  7005 | D:7      | Found a snail-covered altar of Cheibriados.
  7005 | D:7      | Noticed a torpor snail
  7387 | D:7      | Found a burning altar of Makhleb.
  7642 | D:8      | Noticed Maurice
  7645 | D:8      | Maurice changed into Maurice the water moccasin
  7645 | D:8      | Noticed Maurice
  7650 | D:8      | Killed Maurice the water moccasin
  7730 | D:8      | Bought a +2 tower shield of fire resistance for 344 gold
                  | pieces
  7907 | D:8      | Found an iron altar of Okawaru.
  7931 | D:8      | Noticed Psyche
  7944 | D:8      | Killed Psyche
  7944 | D:8      | Noticed Erica
  7954 | D:8      | Killed Erica
  8134 | D:9      | Noticed a rust devil
  8177 | D:9      | Noticed a sun demon
  8204 | D:8      | Killed a sun demon
  8205 | D:8      | Gained mutation: You are surrounded by a mild repulsion
                  | field. (EV +2) [demonic ancestry]
  8205 | D:8      | Reached XP level 11. HP: 29/92 MP: 11/11
  8662 | D:9      | Noticed a two-headed ogre
  8672 | D:9      | Killed a two-headed ogre
  8822 | D:9      | Found a staircase to the Lair.
  9157 | D:9      | Found a hazy altar of Hepliaklqana.
  9524 | D:9      | Reached skill level 11 in Fighting
  9990 | D:9      | Found a staircase to the Orcish Mines.
 10060 | D:9      | Reached skill level 10 in Armour
 10215 | D:10     | Entered Level 10 of the Dungeon
 10438 | D:10     | Noticed a catoblepas
 10770 | D:10     | Killed a catoblepas
 10771 | D:10     | Gained mutation: You are surrounded by a moderate repulsion
                  | field. (EV +3) [demonic ancestry]
 10771 | D:10     | Reached XP level 12. HP: 78/100 MP: 12/12
 11133 | D:11     | Bought the +1 cloak of Starlight {*Dazzle EV+4 Stlth--} for
                  | 427 gold pieces
 11133 | D:11     | Found the +1 cloak of Starlight {*Dazzle EV+4 Stlth--}
 11172 | D:11     | Noticed a two-headed ogre
 11179 | D:11     | Killed a two-headed ogre
 11262 | D:11     | Noticed a two-headed ogre
 11269 | D:11     | Killed a two-headed ogre
 11330 | D:11     | Noticed Snorg
 11343 | D:11     | Killed Snorg
 11681 | D:11     | Identified the +8 spear of Annihilation {speed, Fly Will+}
 11961 | D:11     | Reached skill level 12 in Fighting
 12409 | D:12     | Noticed a two-headed ogre
 12418 | D:12     | Killed a two-headed ogre
 12422 | D:12     | Noticed a two-headed ogre
 12432 | D:12     | Killed a two-headed ogre
 12662 | D:12     | Identified the +0 leather armour "Hysmerao" {Will+ Stlth+}
 12804 | D:12     | Noticed Azrael
 12810 | D:12     | Noticed Rupert
 12821 | D:12     | Killed from afar by Azrael

Illustrated notes

Levels and vault maps discovered:
D:1:      lemuel_arrival_hallway, layout_loops_ring
D:2:      layout_loops_ring
D:3:      layout_loops_ring, mainiacjoe_overflow_tiny_flanked,
          mainiacjoe_overflow_small_starburst, roderic_serpentine_path,
          minmay_misc_feat_tiny, chequers_serial_rivers_micro_c,
          chequers_serial_rivers_micro_e, chequers_decorated_corner,
          serial_bayou_lagoon_a, dk_vineyard_3, ebering_dispersal_statue_hall
D:4:      minmay_spotlight, layout_loops_ring, fedhas_altar_1,
          minmay_mini_ossuary
D:5:      layout_basic, mainiacjoe_overflow_brackets, minmay_temple_entry_wispy,
          item_on_display_a, uniq_ijyb, uniq_duvessa, uniq_eustachio
D:6:      layout_basic, nicolae_ru_awakened_eye, serial_corexii_hall,
          chequers_hall_statues_corner_a, chequers_hall_statues_y,
          portal_sewer_entry_d, minivault_5, chequers_serial_rivers_small_a,
          hangedman_abyss_or_decor_stabs, grunt_tough_drop
D:7:      layout_basic, cheibriados_altar_2, nicolae_overflow_hidden_temple,
          corner_web_ring, pf_guarded_unrand_woodcutter
D:8:      layout_cave_pools, lemuel_coloured_pillars_altar, uniq_maurice,
          uniq_psyche, uniq_erica
D:9:      layout_roguey, overflow_temple_1_default, erik_lair_orcish_takeover,
          kennysheep_orc_monster_closet_entryway, serial_demonic,
          serial_demonic_d, serial_demonic_c, serial_demonic_g, serial_demonic_f
D:10:     layout_basic, minmay_radiant
D:11:     layout_loops_ring, uniq_snorg
D:12:     layout_irregular_city, serial_shops, shop, lightli_fourway_metalbox,
          uniq_rupert, uniq_urug, uniq_azrael

Skill      XL: |  1  2  3  4  5  6  7  8  9 10 11 12 |
---------------+-------------------------------------+-----
Dodging        | 1 2 3 4 7 8 9 |  9.9
Shields        | 1 2 3 7 9 |  9.8
Fighting       | 3 4 9 10 11 12 | 12.2
Armour         | 2 8 9 10 | 10.9
Polearms       | |  2.6
Throwing       | |  1.0
Stealth        | |  1.0
Unarmed Combat | |  1.0
Evocations     | |  1.0

Action                     |  1- 3 |  4- 6 |  7- 9 | 10-12 || total
---------------------------+-------+-------+-------+-------++-------
  Melee: Trident           |    27 |     1 |       |       ||    28
         Rapier            |    90 |   222 |    74 |       ||   386
         Kick              |       |    68 |    43 |   253 ||   364
         Unarmed           |       |       |     6 |       ||     6
         Falchion          |       |       |    62 |   498 ||   560
         Mace              |       |       |       |    11 ||    11
         Scimitar          |       |       |       |   160 ||   160
         Spear             |       |       |       |     7 ||     7
  Throw: Dart              |       |       |     6 |     8 ||    14
 Invoke: Call Merchant     |       |       |       |     2 ||     2
  Evoke: Wand              |       |       |     4 |    34 ||    38
         Phantom mirror    |       |       |       |     1 ||     1
    Use: Scroll            |     1 |    13 |     2 |    14 ||    30
         Potion            |     1 |       |     4 |     4 ||     9
   Stab: Sleeping          |     7 |     1 |       |       ||     8
         Distracted        |       |       |     1 |     4 ||     5
         Petrified         |       |       |       |     2 ||     2
 Armour: Robe              |    26 |       |       |       ||    26
         Leather armour    |       |    16 |       |       ||    16
         Ring mail         |       |    10 |       |       ||    10
         Gold dragon scale |       |    62 |   102 |   436 ||   600
  Dodge: Dodged            |    45 |    32 |    16 |   175 ||   268
  Block: Tower shield      |    67 |   196 |   123 |   887 ||  1273
         Reflection        |       |       |       |     9 ||     9
